 Dungeon Crawl Stone Soup version 0.13-a0-2907-g70ca29e (webtiles) character file.

3829 PolkaDot the Conjurer (level 9, -16/53 (55) HPs)
             Began as a Vampire Wizard on Aug 31, 2013.
             Was a Priest of Vehumet.
             Demolished by a wyvern (18 damage)
             ... on Level 8 of the Dungeon.
             The game lasted 01:21:29 (11378 turns).

PolkaDot the Conjurer (Vampire Wizard)             Turns: 11378, Time: 01:21:29

HP -16/53 (55)   AC  5     Str 11      XL: 9   Next: 74%
MP  13/19        EV 12     Int 23      God: Vehumet [***...]
Gold 448         SH  0     Dex 12      Spells:  5 memorised,  4 levels left

Res.Fire  : + . .   See Invis. : +   n - +3,+4 elf dagger (flame)
Res.Cold  : + . .   Warding    : .   y - +1 elf robe {MR+}
Life Prot.: . . .   Conserve   : .   (no shield)
Res.Poison: .       Res.Corr.  : +   b - +0 wizard hat
Res.Elec. : .       Clarity    : .   (no cloak)
Sust.Abil.: . .     Spirit.Shd : .   o - +0 pair of gloves
Res.Mut.  : .       Stasis     : .   j - +0 pair of elf boots
Res.Rott. : .       Flight     : .   q - amulet of resist corrosion
Saprovore : . . .                    p - ring of protection from cold
                                     k - ring of protection from fire

@: regenerating quickly, mighty, mildly poisoned, very slightly contaminated,
hasted, very quick, quite resistant to hostile enchantments, stealthy
A: bottle blood, fangs 3, see invisible, unbreathing
a: Bottle Blood, Renounce Religion


You were on level 8 of the Dungeon.
You worshipped Vehumet.
Vehumet was greatly pleased with you.
You were very full.

You visited 2 branches of the dungeon, and saw 9 of its levels.

You collected 428 gold pieces.

Inventory:

Hand weapons
 n - a +3,+4 elven dagger of flaming (weapon)
Armour
 b - a +0 wizard hat (worn)
 j - a +0 pair of elven boots (worn)
 o - a +0 pair of gloves (worn)
 y - a +1 elven robe of magic resistance (worn)
Magical devices
 h - a wand of fire (12) {unknown}
 m - a wand of draining (8) {unknown}
 r - a wand of digging (11) {unknown}
 w - a wand of digging (11) {unknown}
 x - a wand of paralysis (18) {unknown}
 G - a wand of frost (18) {unknown}
Scrolls
 a - a scroll of blinking {unknown}
 d - a scroll of silence {unknown}
 e - a scroll of enchant weapon II
 f - 5 scrolls of identify
 g - 2 scrolls of curse jewellery
 i - a scroll of remove curse
 l - a scroll of fog
 t - 3 scrolls of teleportation
 v - a scroll of enchant armour {unknown}
 z - a scroll of recharging {unknown}
 A - a scroll of immolation {unknown}
 B - a scroll of fear
 F - a scroll of amnesia {unknown}
 L - a scroll of enchant weapon I
Jewellery
 k - a ring of protection from fire (left hand)
 p - a ring of protection from cold (right hand)
 q - an amulet of resist corrosion (around neck)
Potions
 s - a potion of flight
 C - a potion of resistance {unknown}
 D - 2 potions of poison
 E - a potion of restore abilities {unknown}
 I - a potion of blood
 K - a potion of cure mutation {unknown}
Books
 c - a book of Minor Magic

   Spells                             Type                      Level
   *Magic Dart                        Conjuration                  1
   Blink                              Translocation                2
   Call Imp                           Summoning                    2
   Repel Missiles                     Charms/Air                   2
   Slow                               Hexes                        2
   *Conjure Flame                     Conjuration/Fire             3
   Mephitic Cloud                     Conjuration/Poison/Air       3
 u - a book of Air

   Spells                             Type                      Level
   Shock                              Conjuration/Air              1
   *Swiftness                         Charms/Air                   2
   Repel Missiles                     Charms/Air                   2
   Flight                             Charms/Air                   3
   *Static Discharge                  Conjuration/Air              3
   Lightning Bolt                     Conjuration/Air              5


   Skills:
 - Level 2.1 Dodging
 - Level 3.0 Stealth
 - Level 3.0 Spellcasting
 * Level 9.1 Conjurations
   Level 1.0 Summonings
   Level 0.7 Translocations
 + Level 7.3 Air Magic


You had 4 spell levels left.
You knew the following spells:

 Your Spells              Type           Power        Failure   Level  Hunger
a - Magic Dart            Conj           ####         1%          1    None
d - Conjure Flame         Conj/Fire      ###.....     2%          3    ###....
f - Static Discharge      Conj/Air       #####...     1%          3    ###....
q - Swiftness             Chrm/Air       ###.......   4%          2    ##.....
s - Sting                 Conj/Pois      ###.         1%          1    None


Dungeon Overview and Level Annotations

Branches:
Dungeon (8/27)             Temple (1/1) D:4
    Orc: D:6-11        Lair: D:8-13

Altars:
Cheibriados
Elyvilon
Fedhas
Makhleb
Sif Muna
Trog
Vehumet
Xom
Yredelemnul


Innate Abilities, Weirdness & Mutations

Your natural rate of healing is unusually fast.
You can bottle blood from corpses.
You have razor-sharp teeth.*
You have supernaturally acute eyesight.
You can survive without breathing.*


Message History

Okay, then.
Drink which item? (? for menu, Esc to quit)
You feel better. The wyvern misses you. The wyvern barely misses you.
Drink which item? (? for menu, Esc to quit)
You feel yourself speed up. The wyvern barely misses you.
You are very lightly contaminated with residual magic.
The wyvern barely misses you. The wyvern bites you!
Drink which item? (? for menu, Esc to quit)
That liquid tasted very nasty...
You are poisoned.
It was a potion of poison.
The wyvern barely misses you.
Drink which item? (? for menu, Esc to quit)
You feel very mighty all of a sudden.
You feel sick. The wyvern bites you!
* * * LOW HITPOINT WARNING * * *
You barely miss the wyvern.
The wyvern is severely wounded.
* * * LOW HITPOINT WARNING * * *
You feel sick. The wyvern bites you!
You die...

###..)##....####...###
#..)..#....## ########
##.)..##...## ##...##
.....###...(## ##.....## ..)..#
#.....# #.......# ...### ###...#
###...#...## .....#
#....###....(#....#
#....####...###.....###.....#
#......##....#..@D.## #......#
###....###.......########......
##....###......####...###....#
####......##...####.%.....##....
#..###...<#######..........##..
#.).###....#>.>.#.....#.%...##
...%# ##........#...#####....#
..)## ##...........#...##...#
....### #....#......#...##...#


You could see a wyvern.

Vanquished Creatures
  Pikel (D:5)
  A hippogriff (D:7)
  A hungry ghost (D:8)
  A phantom (D:7)
  A sky beast (D:8)
  2 ice beasts (D:6)
  A slave (D:5)
  4 ogres
  2 centaurs
  Sigmund (D:5)
  Blork the orc (D:5)
  5 killer bees (D:7)
  3 goliath beetles (D:6)
  3 crimson imps
  A hound (D:7)
  4 orc priests
  2 jellies
  A big fish (D:7)
  A giant frog skeleton (D:5)
  7 orc wizards
  2 scorpions (D:5)
  5 worker ants
  2 iguanas
  Ijyb (D:3)
  An ogre zombie (D:7)
  A worker ant zombie (D:6)
  7 adders
  10 gnolls
  2 giant mites
  4 worms
  An iguana skeleton (D:8)
  7 giant geckos
  17 orcs
  2 ball pythons
  12 bats
  2 bat zombies
  17 goblins
  13 hobgoblins
  14 jackals
  22 kobolds
  6 quokkas
  5 giant cockroaches
  2 giant newts
  A giant spore (D:7)
  A quokka skeleton (D:4)
  17 rats
  A rat zombie (D:7)
  7 ballistomycetes (D:7)
225 creatures vanquished.

Vanquished Creatures (others)
  A wizard (D:6)
1 creature vanquished.

Grand Total: 226 creatures vanquished

Notes
Turn   | Place    | Note
--------------------------------------------------------------
     0 | D:1      | PolkaDot, the Vampire Wizard, began the quest for the Orb.
     0 | D:1      | Reached XP level 1. HP: 11/11 MP: 6/6
    76 | D:1      | Reached skill level 1 in Conjurations
   496 | D:1      | Reached XP level 2. HP: 17/17 MP: 5/8
  1253 | D:2      | Reached XP level 3. HP: 15/22 MP: 5/10
  1307 | D:2      | Learned a level 3 spell: Conjure Flame
  2637 | D:2      | Reached XP level 4. HP: 24/28 MP: 3/12
  2998 | D:3      | Learned a level 3 spell: Static Discharge
  3050 | D:3      | Noticed Ijyb
  3094 | D:3      | Paralysed by a potion of paralysis for 4 turns
  4093 | D:3      | Reached skill level 1 in Air Magic
  4288 | D:3      | Killed Ijyb
  4288 | D:3      | Reached XP level 5. HP: 31/31 MP: 6/13
  5289 | D:3      | Reached skill level 4 in Conjurations
  5590 | D:3      | Reached XP level 6. HP: 27/37 MP: 5/15
  5997 | D:3      | Learned a level 2 spell: Swiftness
  6239 | D:4      | Found a staircase to the Ecumenical Temple.
  6249 | Temple   | Entered the Ecumenical Temple
  6292 | Temple   | Became a worshipper of Vehumet
  6365 | D:4      | Noticed an ogre
  6369 | D:4      | Killed an ogre
  6828 | D:5      | Entered Level 5 of the Dungeon
  6844 | D:5      | Noticed Blork the orc
  6854 | D:5      | Killed Blork the orc
  6942 | D:5      | Reached XP level 7. HP: 42/42 MP: 6/17
  6948 | D:5      | Reached skill level 5 in Conjurations
  7850 | D:5      | Acquired Vehumet's first power
  7850 | D:5      | Offered knowledge of Sting by Vehumet.
  7853 | D:5      | Learned a level 1 spell: Sting
  7893 | D:5      | Noticed Sigmund
  7910 | D:5      | Killed Sigmund
  8147 | D:5      | Reached skill level 6 in Conjurations
  8188 | D:5      | Noticed Pikel
  8299 | D:5      | Killed Pikel
  8299 | D:5      | Reached skill level 5 in Air Magic
  8299 | D:5      | Reached XP level 8. HP: 36/48 MP: 3/18
  8399 | D:6      | Reached skill level 7 in Conjurations
  9324 | D:6      | Found a bloodstained altar of Trog.
  9324 | D:6      | Noticed a wizard
  9331 | D:6      | Killed a wizard
  9753 | D:7      | Found a shimmering altar of Xom.
  9866 | D:7      | Found a white marble altar of Elyvilon.
  9873 | D:7      | Reached XP level 9. HP: 27/53 MP: 7/19
  9884 | D:7      | Offered knowledge of Throw Flame by Vehumet.
 10050 | D:7      | Reached skill level 8 in Conjurations
 10871 | D:8      | Offered knowledge of Dazzling Spray by Vehumet.
 11183 | D:8      | Reached skill level 9 in Conjurations
 11255 | D:8      | Acquired Vehumet's second power
 11378 | D:8      | HP: 2/53 [poison (a potion of poison)]
 11378 | D:8      | Demolished by a wyvern

Action                   |  1- 3 |  4- 6 |  7- 9 || total
-------------------------+-------+-------+-------++-------
Melee: Unarmed           |     6 |       |       ||     6
       Short sword       |     4 |    13 |       ||    17
       Dagger            |       |     2 |    54 ||    56
 Cast: Magic Dart        |   117 |   197 |   217 ||   531
       Conjure Flame     |     7 |    15 |    15 ||    37
       Static Discharge  |       |     8 |     5 ||    13
       Swiftness         |       |     3 |     1 ||     4
       Sting             |       |       |   203 ||   203
 Abil: Bottle Blood      |       |       |     1 ||     1
  Use: Scroll            |       |    13 |     1 ||    14
       Potion            |       |     8 |     9 ||    17
 Stab: Sleeping          |     1 |     1 |       ||     2
       Invisible         |       |       |     2 ||     2
